 Dungeon Crawl Stone Soup version 0.30.0-19-g36f170ea60 (webtiles) character file.

Game seed: 5331200315447389291

221 Peloso the Covered (level 5, -1/47 HPs)
             Began as a Minotaur Fighter on June 1, 2023.
             Splashed by a jelly's acid (9 damage)
             ... on level 4 of the Dungeon.
             The game lasted 00:05:35 (3132 turns).

Peloso the Covered (Minotaur Fighter)               Turns: 3132, Time: 00:05:36

Health: -1/47      AC: -6    Str: 24    XL:     5   Next: 65%
Magic:  4/4        EV:  6    Int:  8    God:
Gold:   227        SH:  4    Dex: 11    Spells: 4/4 levels left

rFire   . . .        c - +3 whip of the Jumping Salmon {venom, Str+3 Int+3}
rCold   . . .        d - +0 buckler
rNeg    . . .        p - +0 plate armour
rPois   +            (helmet restricted)
rElec   .            t - +0 cloak
rCorr   .            (no gloves)
SInv    .            (no boots)
Will    .....        (no amulet) Stlth
                     q - ring of poison resistance
HPRegen 0.27/turn    (no ring)
MPRegen 0.09/turn

%: no passive effects
@: corroded
A: horns 2, retaliatory headbutt
a: no special abilities


You were on level 4 of the Dungeon.
You visited 1 branch of the dungeon, and saw 4 of its levels.

You collected 227 gold pieces.

Inventory:

Hand Weapons
 a - a +0 long sword
 c - the +3 whip of the Jumping Salmon (weapon) {venom, Str+3 Int+3}
   (You found it on level 2 of the Dungeon)

   Str:       It affects your strength (+3).
   Int:       It affects your intelligence (+3).
Armour
 b - a +0 scale mail
 d - a +0 buckler (worn)
 p - a +0 plate armour (worn)
 t - a +0 cloak (worn)
Jewellery
 q - a ring of poison resistance (left hand)
 u - a ring of protection from fire
Scrolls
 g - 5 scrolls of teleportation {unknown}
 h - a scroll of noise {unknown}
 i - a scroll of torment {unknown}
 o - a scroll of enchant weapon {unknown}
 v - 2 scrolls of enchant armour {unknown}
 y - a scroll of identify {unknown}
Potions
 e - 3 potions of curing
 f - a potion of mutation {unknown}
 j - a potion of heal wounds {unknown}
 k - a potion of might
 l - 2 potions of brilliance {unknown}
 m - a potion of flight {unknown}
 n - a potion of haste {unknown}
 r - a potion of magic {unknown}
 s - a potion of degeneration {unknown}
 w - 2 potions of attraction {unknown}
 x - a potion of invisibility {unknown}
 z - a potion of lignification {unknown}


   Skills:
 + Level 4.3 Fighting
 + Level 3.5 Long Blades
 + Level 2.7 Maces & Flails
 + Level 5.2 Armour
 + Level 0.5 Dodging
 + Level 0.9 Stealth
 + Level 4.3 Shields


You had 4 spell levels left.
You didn't know any spells.
Your spell library contained the following spells:

 Spells                   Type           Power      Damage    Failure   Level
 Necrotise                Necr           0%         1d4       100%        1
 Vampiric Draining        Necr           0%         2d6       100%        3
 Agony                    Necr           0%         N/A       100%        5
 Summon Forest            Summ/Tloc      0%         N/A       100%        5
 Eringya's Noxious Bog    Tmut/Pois      0%         N/A       100%        6
 Summon Hydra             Summ           0%         N/A       100%        7


Dungeon Overview and Level Annotations

Branches:
Dungeon (4/15)
 Temple: D:4-7

Altars:
Makhleb
Qazlal
Ru
Vehumet
The Shining One

Shops:
D:1 :   D:2 [   D:3 [

Annotations:
D:3 1 runed translucent door, Crazy Yiuf


Innate Abilities, Weirdness & Mutations

You have a pair of horns on your head.
You reflexively headbutt those who attack you in melee.


Message History

Your Armour skill increases to level 5!
The hobgoblin attacks as you move away!
The hobgoblin hits you but does no damage.
You hit the jelly.
The jelly is poisoned.
The acid corrodes you!
Your hands burn!
The jelly is moderately wounded.
The jelly hits you. The acid corrodes you!
You are splashed with acid.
You hit the jelly but do no damage. The acid corrodes you!
Your hands burn!
The jelly is moderately wounded.
The jelly barely misses you.
You hit the jelly but do no damage.
Your hands burn!
The jelly is moderately wounded.
The jelly hits you. The acid corrodes you!
You are splashed with acid!
You hit the jelly. The acid corrodes you!
Your hands burn!
You headbutt the jelly, but do no damage.
The jelly is severely wounded.
You block the jelly's attack.
You hit the jelly but do no damage.
Your hands burn!
* * * LOW HITPOINT WARNING * * *
You headbutt the jelly, but do no damage.
The jelly is severely wounded.
You block the jelly's attack.
You hit the jelly but do no damage.
The jelly looks even sicker.
The acid corrodes you!
Your hands burn!
* * * LOW HITPOINT WARNING * * *
You headbutt the jelly, but do no damage.
The jelly is severely wounded.
The jelly hits you.
* * * LOW HITPOINT WARNING * * *
The acid corrodes you!
You are splashed with acid.
* * * LOW HITPOINT WARNING * * *
It was a potion of curing.
You feel better. You block the jelly's attack.
You hit the jelly but do no damage.
The jelly looks as sick as possible!
The acid corrodes you!
Your hands burn!
* * * LOW HITPOINT WARNING * * *
The jelly is almost dead.
The jelly hits you.
* * * LOW HITPOINT WARNING * * *
You are splashed with acid!
You die...

#.......# #.......# .#
#.......# .# #.......#
######.#### #########
#.........# #.........# #
#.........#
###################.........#
.))...[.........@Jg.........#
###################.........#
#......?..# #.........#
#...>.....# #.....$...#
###########


You could see a jelly (extremely poisoned) and a hobgoblin.

Vanquished Creatures
  A scorpion (D:4)
  4 gnolls
  3 adders
  An ufetubus (D:2)
  2 worms
  5 dart slugs
  4 orcs (D:4)
  4 ball pythons
  6 endoplasms
  2 giant cockroaches
  8 goblins
  7 hobgoblins
  4 jackals (D:3)
  4 bats
  4 frilled lizards
  7 kobolds
  3 rats
69 creatures vanquished.

Notes
Turn   | Place    | Note
-------+----------+-------------------------------------------
     0 | D:1      | Peloso the Minotaur Fighter began the quest for the Orb.
     0 | D:1      | Reached XP level 1. HP: 19/19 MP: 0/0
    87 | D:1      | You fall into a shaft and drop 1 floor!
   218 | D:2      | Reached skill level 4 in Armour
   218 | D:2      | Reached XP level 2. HP: 17/27 MP: 1/1
   290 | D:2      | Identified the +3 whip of the Jumping Salmon {venom, Str+3
                  | Int+3}
   641 | D:2      | Reached XP level 3. HP: 31/33 MP: 2/2
   834 | D:2      | Found Kuawk's Armour Emporium.
  1443 | D:1      | Found a faded altar of an unknown god.
  1465 | D:1      | Found a transporter.
  1467 | D:1      | Found Xeen's Book Shoppe.
  1954 | D:1      | Found a transporter.
  1977 | D:1      | Reached skill level 1 in Maces & Flails
  1977 | D:1      | Reached XP level 4. HP: 40/40 MP: 3/3
  2139 | D:3      | Found Ajigry's Antique Armour Shop.
  2225 | D:3      | Found a burning altar of Makhleb.
  2230 | D:3      | Found a glowing golden altar of the Shining One.
  2300 | D:3      | Found a runed translucent door.
  2301 | D:3      | Noticed Crazy Yiuf
  2439 | D:3      | Found a radiant altar of Vehumet.
  2448 | D:3      | Found a sacrificial altar of Ru.
  2602 | D:3      | Reached XP level 5. HP: 12/46 MP: 4/4
  2861 | D:4      | Found a stormy altar of Qazlal.
  3123 | D:4      | Reached skill level 5 in Armour
  3130 | D:4      | HP: 2/47 [acid (6)]
  3132 | D:4      | Splashed by a jelly's acid

Illustrated notes

Levels and vault maps discovered:
D:1:      evilmike_arrival_fibonacci_small, layout_basic,
          shapermc_ecumenical_altar_flowoftime, serial_shops,
          nicolae_shop_drivethru, minmay_octomino_e4
D:2:      layout_basic, serial_shops, nicolae_shop_statue_plus,
          kennysheep_decorative_pillar, grunt_ministairs_10, minmay_cut_off
D:3:      layout_rooms, mainiacjoe_overflow_swirl,
          chequers_temple_overflow_statue_of_worship, serial_shops, shop,
          uniq_crazy_yiuf_cottage
D:4:      layout_rooms, mainiacjoe_overflow_catwalk, uniq_sigmund

Skill      XL: |  1  2  3  4  5 |
---------------+----------------+-----
Armour         | 4 5 |  5.2
Long Blades    | 3 |  3.5
Fighting       | 4 |  4.3
Maces & Flails | 1 2 |  2.7
Shields        | 4 |  4.3
Dodging        | |  0.5
Stealth        | |  0.9

Action                     |  1- 3 |  4- 6 || total
---------------------------+-------+-------++-------
  Melee: Long sword        |    22 |       ||    22
         Headbutt          |    11 |    15 ||    26
         Whip              |    63 |    84 ||   147
    Use: Potion            |       |     1 ||     1
 Armour: Scale mail        |    35 |       ||    35
         Plate armour      |    14 |    62 ||    76
  Dodge: Dodged            |    31 |    36 ||    67
  Block: Buckler           |     6 |    36 ||    42
